 Dungeon Crawl Stone Soup version 0.29-a0-716-gf28ee25 (webtiles) character file.

Game seed: 13649429360991493874

192166 GeorgeSoros the Acrobat (level 17, 0/77 HPs)
             Began as a Spriggan Arcane Marksman on June 23, 2022.
             Was the Champion of Dithmenos.
             Slain by a merfolk impaler
             ... wielding a +3 trident of freezing
              (2 damage)
             ... on level 4 of the Shoals on June 26, 2022.
             The game lasted 05:00:29 (44803 turns).

GeorgeSoros the Acrobat (Spriggan Arcane Marksman) Turns: 44803, Time: 05:00:30

Health: 0/77       AC: 20    Str: 10    XL:     17   Next: 60%
Magic:  23/27      EV: 29    Int: 17    God:    Dithmenos [******]
Gold:   980        SH:  0    Dex: 27    Spells: 14/28 levels left

rFire   . . .      SeeInvis +   Y - +7 arbalest of the Shark {penet, rN+}
rCold   + . .      Faith    .   (shield currently unavailable)
rNeg    + + .      Spirit   .   V - +3 pearl dragon scales
rPois   .          Reflect  .   (helmet restricted)
rElec   .          Harm     .   x - +1 cloak
rCorr   +          Rampage  .   (gloves unavailable)
Will    ++...                   (boots unavailable)
Stlth   +.........              n - amulet of the acrobat
HPRegen 0.22/turn               O - +6 ring of dexterity
MPRegen 0.20/turn               y - ring "Essyruw" {rC+ rCorr Str+4 SInv}

@: wreathed by umbra, studying 2 skills, very quick
A: very small, no large weapons, unfitting armour, see invisible, speed 3
}: 1/15 runes: serpentine
a: Renounce Religion, Shadow Step, Shadow Form


You were on level 4 of the Shoals.
You worshipped Dithmenos.
Dithmenos was exalted by your worship.
You visited 6 branches of the dungeon, and saw 30 of its levels.
You visited 1 bazaar.
You also visited: Trove and Bailey.

You collected 4621 gold pieces.
You spent 3641 gold pieces at shops.

Inventory:

Hand Weapons
 a - a +5 shortbow of electrocution
 b - the +9 staff of Olgreb {rPois∞}
   (You found it in a treasure trove)

   If the wielder is skilled in Evocations, they can envenom those struck by it,
   dealing poison damage which bypasses armour.
   It enhances your poison magic.
   It grants immunity to poison.
   It can be activated via the 'a'bility menu to radiate toxic energy, with
   effectiveness depending on Evocations skill.
 Y - the +7 arbalest of the Shark (weapon) {penet, rN+}
   (You acquired it on level 2 of the Shoals)

   Any ammunition fired by it passes through the targets it hits, potentially
   hitting all targets in its path until it reaches maximum range.
   rN:        It protects you from negative energy.
Missiles
 L - 6 throwing nets
Armour
 x - a +1 cloak (worn)
 Q - a +4 troll leather armour
 V - +3 pearl dragon scales (worn)
Jewellery
 h - a ring of fire
 n - an amulet of the acrobat (around neck)
 s - a +4 ring of protection
 u - a ring of flight
 y - the ring "Essyruw" (right hand) {rC+ rCorr Str+4 SInv}
   (You found it on level 4 of the Snake Pit)

   [ring of see invisible]

   Str:       It affects your strength (+4).
   rC:        It protects you from cold.
   SInv:      It lets you see invisible.
   rCorr:     It protects you from acid and corrosion.
 D - a +6 ring of intelligence
 I - an amulet of regeneration
 J - a ring of resist corrosion
 K - an amulet of magic regeneration
 O - a +6 ring of dexterity (left hand)
 P - a ring of magical power
 S - a ring of protection from fire
 Z - a ring of poison resistance
Wands
 k - a wand of iceblast (25)
 p - a wand of digging (13)
 q - a wand of paralysis (30)
 B - a wand of flame (64)
 M - a wand of mindburst (5)
 T - a wand of acid (6)
Scrolls
 c - 4 scrolls of vulnerability
 i - a scroll of immolation
 w - 6 scrolls of teleportation
 z - a scroll of fog
 C - 3 scrolls of poison
 E - 2 scrolls of blinking
 F - 4 scrolls of amnesia
 G - 7 scrolls of fear
 H - a scroll of brand weapon
Potions
 d - 6 potions of flight
 g - 8 potions of curing
 j - 7 potions of haste
 l - 4 potions of heal wounds
 m - a potion of invisibility
 o - 2 potions of brilliance
 r - 4 potions of lignification
 t - 3 potions of resistance
 v - 9 potions of mutation
 N - 3 potions of cancellation
 R - 3 potions of berserk rage
 W - 3 potions of ambrosia
 X - a potion of might
Miscellaneous
 e - a lightning rod (4/4)
 f - a condenser vane
 A - a phial of floods
 U - a box of beasts


   Skills:
 - Level 4.0 Fighting
 - Level 18.0 Ranged Weapons
 - Level 12.0 Armour
 - Level 21.5 Dodging
 - Level 6.4 Spellcasting
 - Level 14.0 Hexes
 - Level 8.0 Translocations
 - Level 4.0 Fire Magic
 + Level 6.1 Invocations
 + Level 14.9 Evocations


You had 14 spell levels left.
You knew the following spells:

 Your Spells              Type           Power      Damage    Failure   Level
a - Slow                  Hex            100%       N/A       1%          1
b - Teleport Other        Tloc           32%        N/A       8%          3
c - Cause Fear            Hex            26%        N/A       2%          4
d - Inner Flame           Hex/Fire       36%        N/A       5%          3
e - Portal Projectile     Hex/Tloc       84%        N/A       2%          3

Your spell library contained the following spells:

 Spells                   Type           Power      Damage    Failure   Level
 Tukima's Dance           Hex            52%        N/A       1%          3
 Apportation              Tloc           64%        N/A       2%          1
 Ensorcelled Hibernation  Hex/Ice        58%        N/A       6%          2
 Gell's Gravitas          Tloc           32%        N/A       8%          3
 Lesser Beckoning         Tloc           32%        N/A       8%          3
 Summon Guardian Golem    Hex/Summ       29%        N/A       12%         3
 Scorch                   Fire           38%        2d6       21%         2
 Fulminant Prism          Conj/Hex       14%        3d9       36%         4
 Leda's Liquefaction      Hex/Erth       14%        N/A       36%         4
 Freeze                   Ice            20%        1d4       56%         1
 Shock                    Conj/Air       20%        1d4       56%         1
 Sting                    Tmut/Pois      20%        1d4       56%         1
 Passwall                 Tmut/Erth      4%         N/A       71%         2
 Poisonous Vapours        Pois/Air       10%        N/A       71%         2
 Static Discharge         Conj/Air       5%         N/A       71%         2
 Sublimation of Blood     Necr           5%         N/A       71%         2
 Wereblood                Tmut           5%         N/A       71%         2
 Ignite Poison            Fire/Tmut/Pois 9%         N/A       77%         3
 Iskenderun's Mystic Bla  Conj/Tloc      19%        2d6       80%         4
 Call Canine Familiar     Summ           5%         N/A       91%         3
 Frozen Ramparts          Ice            10%        1d3       91%         3
 Mephitic Cloud           Conj/Pois/Air  5%         N/A       91%         3
 Swiftness                Air            5%         N/A       91%         3
 Flame Wave               Conj/Fire      12%        2d6       97%         4
 Airstrike                Air            2%         N/A       100%        4
 Hailstorm                Conj/Ice       5%         3d4       100%        4
 Olgreb's Toxic Radiance  Pois           5%         N/A       100%        4
 Alistair's Intoxication  Tmut/Pois      3%         N/A       100%        5
 Blade Hands              Tmut           2%         N/A       100%        5
 Borgnjor's Vile Clutch   Necr/Erth      2%         N/A       100%        5
 Fireball                 Conj/Fire      6%         3d5       100%        5
 Freezing Cloud           Conj/Ice/Air   2%         6-21      100%        5
 Lee's Rapid Deconstruct  Erth           2%         3d6*      100%        5
 Lightning Bolt           Conj/Air       2%         1d14      100%        5
 Eringya's Noxious Bog    Tmut/Pois      2%         N/A       100%        6
 Starburst                Conj/Fire      6%         6d4       100%        6
 Summon Cactus Giant      Summ           2%         N/A       100%        6
 Orb of Destruction       Conj           2%         9d5       100%        7
 Spellforged Servitor     Conj/Summ      2%         N/A       100%        7
 Summon Hydra             Summ           2%         N/A       100%        7
 Borgnjor's Revivificati  Necr           2%         N/A       100%        8
 Ignition                 Fire           9%         3d5       100%        8
 Maxwell's Capacitive Co  Air            2%         ∞         100%        8
 Necromutation            Tmut/Necr      2%         N/A       100%        8
 Death's Door             Necr           2%         N/A       100%        9


Dungeon Overview and Level Annotations

Branches:
Dungeon (13/15)            Temple (1/1) D:6            Lair (6/6) D:10
 Shoals (4/4) Lair:4        Snake (4/4) Lair:4        Slime (0/5) Lair:5
    Orc (2/2) D:11            Elf (0/3) Orc:2        Bailey (visited)
 Vaults: D:13-14

Altars:
Ashenzari
Cheibriados
Dithmenos
Elyvilon
Fedhas
Gozag
Hepliaklqana
Kikubaaqudgha
Makhleb
Nemelex Xobeh
Okawaru
Qazlal
Ru
Sif Muna
Trog
Uskayaw
Vehumet
Wu Jian
Xom
Yredelemnul
Zin
The Shining One
Beogh
Jiyva

Shops:
D:6 (   D:8 (   D:12 [   Orc:1 ?   Orc:2 :?::   Shoals:3 (   Snake:2 !
Snake:4 :

Portals:
Bazaar: Snake:3

Annotations:
D:12 2 transporters, Dega's ghost, journeyman SpHu
Lair:4 2 transporters
Snake:3 exclusion: obsidian statue
Snake:4 3 runed translucent doors, Caerwyn's ghost, adept MfBe
Orc:1 4 transporters


Innate Abilities, Weirdness & Mutations

You are very small and have problems with some larger weapons.
You are too small for most types of armour.
You have supernaturally acute eyesight. (SInv)
You cover ground extremely quickly. (Speed+++)


Message History

You tear a large gash into the net.
The wind drake exhales a fierce blast of wind!
You are blown backwards!
The merfolk impaler and the merfolk are blown away by the wind.
Splash!
The merfolk throws a silver boomerang.
The silver boomerang misses you. The wind drake flaps its wings at you.
The air twists around and strikes you!
There is a stone staircase leading up, spattered with blood here.
You shoot a bolt.
The bolt pierces through the merfolk impaler!!!
The merfolk impaler is severely wounded.
The bolt pierces through the merfolk!!
The merfolk is almost dead.
Your shadow shoots a bolt.
The bolt barely misses the merfolk impaler.
The wind drake flaps its wings at you. The air twists around and strikes you!
You shoot a bolt.
The bolt closely misses the merfolk impaler.
The bolt pierces through the plant!!
The plant begins to die.
The plant is lightly damaged.
The merfolk impaler closely misses you. The merfolk completely misses you. x2
The merfolk impaler hits you from afar with a +3 trident of freezing!
The merfolk impaler freezes you.
You shoot a bolt.
The bolt closely misses the merfolk impaler.
The bolt pierces through the plant!!
The plant is moderately damaged.
Your shadow shoots a bolt.
The bolt completely misses the merfolk impaler.
The wind drake bites the plant.
The plant begins to die.
The merfolk impaler closely misses you.
The merfolk hits you from afar with a +0 spear!
The merfolk hits you from afar with a +0 glaive!
* * * LOW HITPOINT WARNING * * *
The merfolk impaler hits you from afar with a +3 trident of freezing!
* * * LOW HITPOINT WARNING * * *
You emit a cloud of dark smoke.
The merfolk impaler freezes you.
You die...

≈≈≈≈≈≈≈≈≈≈≈≈≈≈≈≈≈≈≈≈≈≈≈≈≈≈≈
≈≈≈≈≈≈≈≈≈≈≈≈≈≈≈≈≈≈≈≈≈≈≈≈≈≈≈
≈≈≈≈≈≈≈≈≈≈≈≈≈≈≈≈≈≈≈≈≈≈≈≈≈≈≈
≈≈≈≈≈≈≈≈≈≈≈≈≈≈≈≈≈≈≈≈≈≈≈≈≈≈≈
≈≈≈...).PP..P....P≈≈≈≈≈≈≈≈≈
≈≈..............P..≈≈≈≈≈≈≈≈
≈<..##...<....m#....≈≈≈≈≈≈≈
≈.P.##........m§§§..≈≈≈≈≈≈≈
≈............kP.@...≈≈≈≈≈≈≈
≈≈..<.)).#'#.(m§.P.≈≈≈≈≈≈≈≈
≈≈......)#≈##......≈≈≈≈≈≈≈≈
≈≈≈≈≈≈≈≈.).≈#≈≈)≈≈≈≈≈≈≈≈≈≈≈
≈#####''#[..#++#..#.≈≈≈≈≈≈≈
.###..)...).#..#.###.≈≈≈≈≈≈
#≈≈....≈##m##.....≈ #.≈≈≈≈≈
≈≈≈.≈..≈.#........≈ ##≈
≈≈≈≈≈≈≈≈..m..≈≈≈≈≈≈≈


You could see a merfolk impaler, a wind drake (summoned, repels missiles) and 2
merfolk.

Vanquished Creatures
  Asterion (Snake:2)
  A kraken (Shoals:1)
  Kirke (Snake:2)
  9 nagarajas
  Aizul (Snake:2)
  Louise (Snake:3)
  A minotaur (Shoals:4)
  3 merfolk javelineers
  4 merfolk impalers
  A salamander tyrant (Snake:3)
  2 boulder beetles
  3 vault guards (D:13)
  5 hydras
  2 centaur warriors
  6 anacondas
  2 ogre magi
  A merfolk aquamancer (Shoals:1)
  9 satyrs
  2 catoblepae
  11 naga warriors
  An alligator snapping turtle (Shoals:1)
  4 merfolk avatars
  12 two-headed ogres
  3 tengu warriors (D:13)
  13 death yaks
  A deep troll shaman (Lair:6)
  2 shock serpents (Snake:3)
  An orc high priest (Orc:2)
  Sonja (D:12)
  13 naga sharpshooters
  An iron troll (Orc:2)
  7 salamander mystics
  A deep troll (Orc:2)
  12 sea snakes
  7 naga ritualists
  2 orc knights (Bailey)
  6 harpies
  A lindwurm (Lair:6)
  19 manticores
  11 mana vipers
  4 cyclopes
  8 elephants
  2 water nymphs
  8 fauns
  11 salamanders
  36 black mambas
  9 merfolk sirens
  15 naga magi
  A guardian serpent (Snake:3)
  7 cane toads
  2 torpor snails
  Joseph (D:8)
  3 gargoyles
  An unseen horror (D:11)
  7 komodo dragons
  A yaktaur (D:13)
  4 rime drakes
  An unseen horror skeleton (D:9)
  2 wind drakes
  A hornet (D:8)
  13 merfolk
  9 trolls
  2 slime creatures (D:12)
  A polar bear (Lair:2)
  13 blink frogs
  10 dream sheep
  5 snapping turtles
  2 shadows (D:11)
  A vampire (D:9)
  36 yaks
  2 wraiths
  5 wyverns
  6 water elementals
  2 basilisks (Lair:2)
  2 vampire mosquitoes (D:10)
  A steam dragon (D:9)
  A warg (Orc:2)
  55 nagas
  4 acid dragons
  15 water moccasins
  Duvessa (D:6)
  7 black bears
  26 orc warriors
  2 sky beasts
  21 ogres
  5 wolves (Lair:6)
  7 centaurs
  3 phantoms
  6 kobold brigands
  Blork the orc (D:6)
  11 bullfrogs
  3 gnoll sergeants
  6 wights (D:9)
  Dowan (D:6)
  A killer bee (D:7)
  14 howler monkeys
  An electric eel (Lair:2)
  A centaur zombie (D:9)
  A spectral centaur (D:9)
  3 hounds
  19 orc priests
  A centaur skeleton (D:9)
  A gnoll shaman (D:6)
  5 iguanas (D:5)
  Crazy Yiuf (D:3)
  Natasha (D:2)
  4 hell rats
  24 orc wizards
  A howler monkey zombie (D:9)
  14 gnolls
  3 adders
  3 shadow imps
  A white imp (D:6)
  3 ufetubi (D:5)
  2 worms
  78 orcs
  8 ball pythons
  8 endoplasms
  5 giant cockroaches
  14 goblins
  15 hobgoblins
  2 jackals (D:5)
  5 quokkas
  5 bats
  A frilled lizard (D:1)
  33 kobolds
  3 rats
  A spectral kobold (D:2)
875 creatures vanquished.

Vanquished Creatures (others)
  2 humans (Snake:2)
  28 fungi
  47 plants
  36 tentacles (Shoals:1)
  4 toadstools (D:3)
117 creatures vanquished.

Grand Total: 992 creatures vanquished

Notes
Turn   | Place    | Note
-------+----------+-------------------------------------------
     0 | D:1      | GeorgeSoros the Spriggan Arcane Marksman began the quest
                  | for the Orb.
     0 | D:1      | Reached XP level 1. HP: 9/9 MP: 3/3
   201 | D:1      | Reached skill level 3 in Dodging
   240 | D:1      | Reached XP level 2. HP: 14/14 MP: 3/5
   835 | D:1      | Reached XP level 3. HP: 12/17 MP: 2/6
  1139 | D:2      | Noticed Natasha
  1147 | D:2      | Killed Natasha
  1148 | D:2      | Reached skill level 4 in Dodging
  1230 | D:2      | Found a faded altar of an unknown god.
  1413 | D:2      | Reached XP level 4. HP: 21/21 MP: 5/7
  2189 | D:3      | Found a stormy altar of Qazlal.
  2191 | D:3      | Noticed a water elemental
  2191 | D:3      | Noticed a fire elemental
  2192 | D:3      | Noticed an air elemental
  2192 | D:3      | Noticed an earth elemental
  2225 | D:3      | Reached skill level 5 in Dodging
  2417 | D:3      | Reached XP level 5. HP: 25/25 MP: 8/8
  2932 | D:3      | Found a runed translucent door.
  2947 | D:3      | Noticed Crazy Yiuf
  2977 | D:3      | Killed Crazy Yiuf
  2978 | D:3      | Reached skill level 5 in Ranged Weapons
  3065 | D:4      | Noticed a black bear
  3072 | D:4      | Noticed a black bear
  3341 | D:4      | Killed a black bear
  3342 | D:4      | Reached XP level 6. HP: 29/29 MP: 5/9
  3588 | D:4      | Reached skill level 6 in Dodging
  3845 | D:4      | Reached skill level 5 in Hexes
  3845 | D:4      | Reached XP level 7. HP: 32/32 MP: 10/10
  4070 | D:5      | Entered Level 5 of the Dungeon
  4585 | D:5      | Found a hazy altar of Hepliaklqana.
  4586 | D:5      | Found a snail-covered altar of Cheibriados.
  4721 | D:5      | Reached skill level 7 in Dodging
  5096 | D:6      | Noticed Blork the orc
  5100 | D:6      | Killed Blork the orc
  5101 | D:6      | Reached XP level 8. HP: 37/37 MP: 9/11
  5309 | D:6      | Found a staircase to the Ecumenical Temple.
  5323 | Temple   | Entered the Ecumenical Temple
  5333 | Temple   | Became a worshipper of Dithmenos the Shadowed
  5566 | D:6      | Reached skill level 8 in Dodging
  5678 | D:6      | Noticed Dowan
  5680 | D:6      | Noticed Duvessa
  5687 | D:6      | Killed Duvessa
  5692 | D:6      | Killed Dowan
  5693 | D:6      | Reached skill level 10 in Ranged Weapons
  5827 | D:6      | Found Atoluuh's Antique Weapon Shop.
  5956 | D:7      | Reached XP level 9. HP: 40/40 MP: 12/12
  6271 | D:7      | Reached * piety under Dithmenos
  6532 | D:7      | Reached skill level 9 in Dodging
  7025 | D:8      | Found Jifid's Antique Weapon Shoppe.
  7039 | D:8      | Reached XP level 10. HP: 44/44 MP: 13/13
  7044 | D:8      | Learned a level 3 spell: Teleport Other
  7240 | D:8      | Reached skill level 1 in Translocations
  7265 | D:8      | Noticed Joseph
  7281 | D:8      | Killed Joseph
  7634 | D:8      | Reached ** piety under Dithmenos
  8000 | D:9      | Found a flagged portal.
  8018 | Bailey   | Entered a bailey
  8026 | Bailey   | Noticed an orc knight
  8027 | Bailey   | Noticed an orc knight
  8339 | Bailey   | Learned a level 4 spell: Cause Fear
  8465 | Bailey   | Killed an orc knight
  8466 | Bailey   | Reached skill level 10 in Dodging
  8561 | Bailey   | Reached *** piety under Dithmenos
  8572 | Bailey   | Killed an orc knight
  8682 | D:8      | Reached XP level 11. HP: 48/48 MP: 14/14
  9337 | D:9      | Reached skill level 5 in Translocations
  9402 | D:9      | Found a shimmering altar of Xom.
  9830 | D:9      | Paralysed by a wight for 2 turns
  9920 | D:9      | Reached **** piety under Dithmenos
 10219 | D:9      | Reached skill level 1 in Armour
 10487 | D:10     | Entered Level 10 of the Dungeon
 10507 | D:10     | Noticed a two-headed ogre
 10521 | D:10     | Killed a two-headed ogre
 10528 | D:10     | Identified the +0 leather armour of Compassion {rElec rPois
                  | rF- Stlth+}
 11035 | D:10     | Found a staircase to the Lair.
 11139 | Lair:1   | Entered Level 1 of the Lair of Beasts
 11384 | Lair:1   | Reached skill level 5 in Armour
 11456 | Lair:1   | Reached skill level 11 in Dodging
 11456 | Lair:1   | Reached skill level 1 in Evocations
 11527 | Lair:1   | Noticed an eight-headed hydra
 11533 | Lair:1   | Killed an eight-headed hydra
 11592 | Lair:1   | Noticed a seven-headed hydra
 11626 | Lair:1   | Killed a seven-headed hydra
 11849 | Lair:1   | Identified the +1 helmet of the Gloaming {Fly rElec Str+10
                  | Dex-3}
 12234 | Lair:2   | Reached XP level 12. HP: 52/52 MP: 15/15
 12340 | Lair:2   | Reached ***** piety under Dithmenos
 12341 | Lair:2   | Reached skill level 12 in Dodging
 12345 | Lair:2   | Reached skill level 5 in Evocations
 12662 | Lair:2   | Reached skill level 10 in Hexes
 13009 | Lair:2   | Reached skill level 13 in Dodging
 13303 | Lair:3   | You fall into a shaft and drop 3 floors!
 13303 | Lair:6   | Entered Level 6 of the Lair of Beasts
 13303 | Lair:6   | Noticed a catoblepas
 13303 | Lair:6   | Noticed a death yak
 13303 | Lair:6   | Noticed a death yak
 13303 | Lair:6   | Noticed a death yak
 13303 | Lair:6   | Noticed a death yak
 13303 | Lair:6   | Noticed a death yak
 13303 | Lair:6   | Noticed a death yak
 13306 | Lair:6   | Noticed a deep troll shaman
 13643 | Lair:3   | Upgraded the game from 0.29-a0-670-g5ff2a30 to
                  | 0.29-a0-676-ga64570c
 13647 | Lair:3   | Learned a level 3 spell: Inner Flame
 14426 | Lair:4   | Noticed a six-headed hydra
 14482 | Lair:4   | Reached skill level 14 in Dodging
 14493 | Lair:4   | Killed a six-headed hydra
 14733 | Lair:4   | Found a staircase to the Shoals.
 14881 | Lair:4   | Reached skill level 1 in Fire Magic
 14968 | Lair:4   | Reached skill level 15 in Dodging
 15230 | Lair:4   | Found a staircase to the Snake Pit.
 15353 | Lair:4   | Reached XP level 13. HP: 56/56 MP: 11/16
 15480 | Lair:4   | Found a transporter.
 15482 | Lair:4   | Found a transporter.
 16902 | Lair:5   | Reached skill level 16 in Dodging
 17086 | Lair:5   | Found a viscous altar of Jiyva.
 17086 | Lair:5   | Found a staircase to the Slime Pits.
 17977 | Lair:6   | Reached skill level 17 in Dodging
 18139 | Lair:6   | Reached skill level 18 in Dodging
 19063 | Lair:6   | Reached skill level 19 in Dodging
 19173 | Lair:6   | Reached XP level 14. HP: 60/60 MP: 11/17
 19241 | Lair:6   | Identified the +1 chain mail of Innung {Int+4}
 19470 | D:10     | Upgraded the game from 0.29-a0-676-ga64570c to
                  | 0.29-a0-679-g626dbc2
 19844 | D:11     | Reached ****** piety under Dithmenos
 20442 | D:11     | Found a staircase to the Orcish Mines.
 20481 | D:11     | Learned a level 3 spell: Portal Projectile
 20865 | Orc:1    | Entered Level 1 of the Orcish Mines
 21342 | Orc:1    | Found an ornate altar of the Wu Jian Council.
 21342 | Orc:1    | Found a transporter.
 21385 | Orc:1    | Found a transporter.
 21404 | Orc:1    | Found a transporter.
 21424 | Orc:1    | Found a transporter.
 21425 | Orc:1    | Found an ornate altar of the Wu Jian Council.
 21425 | Orc:1    | Noticed an orc warlord
 21525 | Orc:1    | Found Synyogul's Magic Scroll Shop.
 21562 | Orc:1    | Bought a scroll of identify for 32 gold pieces
 21727 | Orc:2    | Entered Level 2 of the Orcish Mines
 21727 | Orc:2    | Found a staircase to the Elven Halls.
 21727 | Orc:2    | Found Sioleola's Book Emporium.
 21795 | Orc:2    | Found Iclaroge's Book Shop.
 21832 | Orc:2    | Reached skill level 20 in Dodging
 22231 | Orc:2    | Found Fallemiq's Magic Scroll Emporium.
 22264 | Orc:2    | Reached skill level 5 in Spellcasting
 22629 | Orc:2    | Found Uskus's Book Shoppe.
 22741 | Orc:2    | Upgraded the game from 0.29-a0-679-g626dbc2 to
                  | 0.29-a0-698-g3f287b9
 22990 | Orc:2    | Upgraded the game from 0.29-a0-698-g3f287b9 to
                  | 0.29-a0-700-g2f1814c
 23319 | D:12     | Found a transporter.
 23443 | D:12     | Found a portal to a secret trove of treasure.
 23446 | D:12     | You paid a toll of 6 scrolls of fog to enter a treasure
                  | trove
 23447 | Trove    | Entered a treasure trove
 23450 | Trove    | Found the +9 staff of Olgreb {rPois∞}
 23607 | D:12     | Reached skill level 10 in Evocations
 23620 | D:12     | Noticed Sonja
 23626 | D:12     | Killed Sonja
 23810 | D:12     | Found Piers Shonks's Dragon-Slaying Spoils.
 23817 | D:12     | Bought +0 pearl dragon scales for 1700 gold pieces
 24236 | D:12     | Found a transporter.
 24283 | D:12     | Noticed Dega's ghost (journeyman SpHu)
 25482 | D:13     | Reached XP level 15. HP: 44/63 MP: 18/25
 26033 | Snake:1  | Entered Level 1 of the Snake Pit
 27782 | Snake:2  | Noticed Kirke
 27798 | Snake:2  | Noticed Asterion
 27809 | Snake:2  | Found a flickering gateway to a bazaar.
 27817 | Bazaar   | Entered a bazaar
 27826 | Bazaar   | Found Madef's Antique Weapon Emporium.
 27839 | Bazaar   | Found Beocob's Antique Weapon Shoppe.
 27856 | Bazaar   | Found Voler's Antique Armour Shoppe.
 27867 | Bazaar   | Found Maosh's Antique Armour Emporium.
 27890 | Bazaar   | Bought a runed cloak for 165 gold pieces
 28334 | Snake:2  | Killed Asterion
 28487 | Snake:2  | Killed Kirke
 28951 | Snake:2  | Found Kodiost's Distillery.
 28960 | Snake:2  | Bought a potion of curing for 48 gold pieces
 28960 | Snake:2  | Bought a potion of curing for 48 gold pieces
 28960 | Snake:2  | Bought a potion of curing for 48 gold pieces
 28960 | Snake:2  | Bought a potion of heal wounds for 80 gold pieces
 28960 | Snake:2  | Bought a potion of resistance for 160 gold pieces
 29160 | Snake:2  | Noticed Aizul
 29202 | Snake:2  | Killed Aizul
 29936 | Snake:3  | Reached skill level 10 in Armour
 30435 | Snake:3  | Found a gateway to a bazaar.
 30838 | Snake:3  | Noticed Louise
 30856 | Snake:3  | Killed Louise
 31839 | Snake:3  | Upgraded the game from 0.29-a0-700-g2f1814c to
                  | 0.29-a0-702-g60cadc9
 31861 | Snake:4  | Entered Level 4 of the Snake Pit
 31910 | Snake:4  | Reached XP level 16. HP: 67/67 MP: 18/26
 31914 | Snake:4  | Identified the ring "Essyruw" {rC+ rCorr Str+4 SInv}
 32163 | Snake:3  | Upgraded the game from 0.29-a0-702-g60cadc9 to
                  | 0.29-a0-712-g7b57324
 33019 | Snake:4  | Reached skill level 21 in Dodging
 33118 | Snake:4  | HP: 1/67 [nagaraja/poison arrow (48)]
 35643 | Snake:4  | Got a serpentine rune of Zot
 35798 | Snake:4  | Found Wuismiada's Self-Improvement Boutique.
 35932 | Snake:4  | Found a runed translucent gate.
 35933 | Snake:4  | Found a runed translucent gate.
 35938 | Snake:4  | Noticed Caerwyn's ghost (adept MfBe)
 36663 | Snake:4  | Reached skill level 1 in Fighting
 36864 | Snake:4  | Found a runed translucent gate.
 37225 | Shoals:1 | Entered Level 1 of the Shoals
 37793 | Shoals:1 | Upgraded the game from 0.29-a0-712-g7b57324 to
                  | 0.29-a0-716-gf28ee25
 38121 | Shoals:1 | Reached skill level 1 in Invocations
 38200 | Shoals:1 | Noticed a kraken
 38389 | Shoals:1 | Killed a kraken
 38833 | Shoals:2 | Identified a scroll of acquirement
 38834 | Shoals:2 | Acquired the +7 arbalest of the Shark {penet, rN+}
 39086 | Snake:4  | Bought a manual of Ranged Weapons for 1360 gold pieces
 39504 | Shoals:2 | Reached XP level 17. HP: 75/75 MP: 27/27
 40119 | Shoals:3 | Found Tairr's Antique Weapon Shop.
 41404 | Shoals:4 | Entered Level 4 of the Shoals
 43416 | Shoals:3 | Reached skill level 5 in Invocations
 44250 | Shoals:4 | Identified the +10 falchion of Conscience {vamp, Dex+7}
 44251 | Shoals:4 | Identified the +1 robe "Mul Nire" {rF+ Int+5}
 44803 | Shoals:4 | HP: 2/77 [merfolk impaler/+3 trident of freezing (17)]
 44803 | Shoals:4 | Slain by a merfolk impaler

Illustrated notes

Levels and vault maps discovered:
D:1:      ncdulo_lavacross, layout_basic, minmay_hexomino_c4
D:2:      layout_loops_ring, dreamdust_ecumenical_altar_drowned_temple,
          nrook_campfire, small_statue_intersection, uniq_natasha
D:3:      layout_loops_ring, nicolae_qazlal_style_of_elements,
          mrwooster_statue_mirror, grunt_ministairs_12, minmay_misc_feat_iff,
          minmay_gold_behind_fungi, corexii_corridor_pit,
          uniq_crazy_yiuf_cottage
D:4:      layout_basic, minmay_surrounded
D:5:      layout_basic, mainiacjoe_overflow_divided_tiny
D:6:      layout_loops_cross, temple_pool_b, serial_shops,
          nicolae_shop_hallway_plus, uniq_duvessa, uniq_blork_the_orc
D:7:      layout_gridville
D:8:      layout_loops_ring, nicolae_stop_n_shop_2, uniq_joseph
D:9:      layout_long_grid, xom_confusion_cloud, enter_bailey_3,
          hangedman_weighted_door, minmay_misc_feat_tower
D:10:     layout_roguey, dpeg_oklobed_lair
D:11:     layout_cave_pods, orc_0_dummy
D:12:     layout_basic, enter_trove_6, gammafunk_ghost_mausoleum,
          nicolae_shop_dragon_depot, uniq_sonja
D:13:     minmay_general_purpose_star, layout_stronghold,
          grunt_vaults_entry_fortified
Temple:   nicolae_temple_no_exploring_needed
Lair:1:   layout_loops_ring, st_stairs_11, chequers_serial_rivers_micro_a,
          serial_bayou_shore_b
Lair:2:   wander_river, layout_gridlike, serial_bayou_pond_a,
          serial_bayou_shore_a
Lair:3:   layout_cave_pods
Lair:4:   gammafunk_boulding_lane, layout_loops_ring, elwin_shoals_entry_stream,
          minmay_snake_entry_guardpost_medium
Lair:5:   layout_cave_pods, dpeg_slime_entry_enclosed, st_stairs_4
Lair:6:   grunt_lair_end_beastmaster, layout_cave_pods, enter_volcano_2
Shoals:1: layout_shoals, nicolae_shoals_arrival_archipelago
Shoals:2: layout_shoals, centaur_isle
Shoals:3: layout_shoals, serial_shops, nicolae_shop_trees,
          nicolae_shoals_pincushion_passage
Shoals:4: shoals_end_hellmonk_lost_city, serial_shops
Snake:1:  layout_misc_corridors
Snake:2:  layout_honeycomb, serial_shops, bzr_entry_water, shop, uniq_asterion,
          uniq_kirke, uniq_aizul
Snake:3:  layout_grid_maze, serial_shops, statue_bzr, uniq_louise
Snake:4:  minmay_snake_end_coiled, layout_layer_cave, gammafunk_ghost_split,
          nicolae_shop_self_help
Orc:1:    dreamdust_wu_jian_sword_trials, layout_caves, serial_shops,
          nicolae_shop_waterfront
Orc:2:    st_orc_open, layout_caves, kennysheep_orc_chapel

Skill      XL: |  1  2  3  4  5  6  7  8  9 10 11 12 13 14 15 16 17 |
---------------+----------------------------------------------------+-----
Dodging        | 3 4 5 6 7 8 9 10 11 15 19 20 21 | 21.5
Hexes          | 4 5 6 7 8 9 10 12 14 | 14.0
Ranged Weapons | 3 4 5 6 8 10 16 18 | 18.0
Translocations | 4 5 8 |  8.0
Armour         | 5 6 11 12 | 12.0
Evocations     | 4 6 10 14 | 14.9
Fire Magic     | 1 4 |  4.0
Spellcasting   | 6 |  6.4
Fighting       | 2 4 |  4.0
Invocations    | 2 6 |  6.1

Action                   |  1- 3 |  4- 6 |  7- 9 | 10-12 | 13-15 | 16-18 || total
-------------------------+-------+-------+-------+-------+-------+-------++-------
 Fire: Shortbow          |   129 |   162 |   300 |   862 |  1311 |  1283 ||  4047
       Arbalest          |       |       |       |       |       |    36 ||    36
 Cast: Slow              |    38 |    45 |    60 |    96 |    61 |    16 ||   316
       Inner Flame       |       |       |       |    20 |   219 |    70 ||   309
       Teleport Other    |       |       |       |     3 |     3 |       ||     6
       Cause Fear        |       |       |       |     1 |       |       ||     1
       Portal Projectile |       |       |       |       |    24 |    83 ||   107
Evoke: Wand              |       |       |       |     5 |     8 |     3 ||    16
       Lightning rod     |       |       |       |       |     4 |     8 ||    12
       Box of beasts     |       |       |       |       |     1 |     1 ||     2
  Use: Scroll            |     3 |     6 |    10 |    12 |    13 |     4 ||    48
       Potion            |       |       |     1 |       |     8 |     8 ||    17
Armor: Robe              |    11 |     1 |     7 |     5 |       |       ||    24
       Steam dragon scal |       |       |       |     3 |     3 |       ||     6
       Troll leather arm |       |       |       |       |    32 |    28 ||    60
       Pearl dragon scal |       |       |       |       |       |    15 ||    15
Dodge: Dodged            |    40 |    20 |    81 |   126 |   268 |   605 ||  1140

Table legend: (Time is in decaauts)
 A = Elapsed time spent in this place.
 B = Non-inter-level travel time spent in this place.
 C = Inter-level travel time spent in this place.
 D = Time resting spent in this place.
 E = Time spent auto-exploring this place.
 F = Levels seen in this place.
 G = Mean time per level.
                   A        B        C        D        E       F      G
               +--------+--------+--------+--------+--------+-----+--------+
         Total |  33863 |  31992 |   1871 |   7061 |  14476 |  33 | 1026.2 |
       Dungeon |  10457 |   9839 |    618 |    984 |   5641 |  13 |  804.4 |
        Temple |     13 |     13 |      0 |      0 |      0 |   1 |   13.0 |
          Lair |   5959 |   5537 |    422 |     48 |   3807 |   6 |  993.2 |
        Shoals |   6463 |   6241 |    222 |   3227 |   1225 |   4 | 1615.8 |
     Snake Pit |   8619 |   8119 |    500 |   2586 |   2823 |   4 | 2154.8 |
  Orcish Mines |   1733 |   1627 |    106 |    165 |    941 |   2 |  866.5 |
        Bazaar |    106 |    106 |      0 |      0 |     37 |   1 |  106.0 |
         Trove |     75 |     75 |      0 |      0 |      0 |   1 |   75.0 |
        Bailey |    434 |    434 |      0 |     49 |      0 |   1 |  434.0 |
               +--------+--------+--------+--------+--------+-----+--------+

Top non-repeatable levels by time:
 Snake:3: 2909 daAuts
Shoals:3: 2574 daAuts
 Snake:4: 2495 daAuts
Shoals:4: 1762 daAuts
 Snake:2: 1716 daAuts
 Snake:1: 1498 daAuts
Shoals:1: 1408 daAuts
  Lair:5: 1375 daAuts
  Lair:4: 1260 daAuts
  Lair:6: 1089 daAuts
     D:8: 1089 daAuts
     D:9: 1019 daAuts
     D:1: 940 daAuts
    D:13: 905 daAuts
   Orc:1: 895 daAuts
